[Event "GambitGuide"]
[Site "Internet Chess Club"]
[Date "2014.10.31"]
[Round "1"]
[White "JSBach"]
[Black "SlippinAway"]
[Result "1-0"]
[ICCResult "Black resigns"]
[WhiteElo "1565"]
[BlackElo "2064"]
[Opening "Vienna: `Frankenstein-Dracula' variation"]
[ECO "C27"]
[NIC "VG.02"]
[Time "23:50:08"]
[TimeControl "120+12"]

1. e4 e5 2. Nc3 Nf6 3. Bc4 Nxe4 4. Qh5 Nd6 5. Bb3 Nc6 6. Nb5 g6 7. Qf3 f5 8.
Qd5 Qe7 9. Nxc7+ Kd8 10. Nxa8 b6 11. d3 f4 12. Ba4 Bb7 13. Nxb6 axb6 14. Qb3
Kc7 15. Nf3 g5 16. Qc3 Bg7 17. Qb3 e4 18. dxe4 Qxe4+ 19. Kf1 Re8 20. h3 h5
21. Kg1 g4 22. Nd2 Qe2 23. Qd5 Nd4 24. Qg5 Be5 25. Nf1 Qe4 26. f3 gxf3 27.
Nd2 Qe3+ 28. Kh2 fxg2 29. Re1 f3+ 30. Qxe5 Qxe5+ 31. Rxe5 Rxe5 32. Nxf3
Nxf3+ 33. Kxg2 Re1 34. Kf2 Rh1 35. Kg3 Nd4 36. Kf2 Ne4+ 37. Ke3 Rd1 38. c4
Nf5+ 39. Ke2 Rh1 40. Bf4+ {Black resigns} 1-0

[Event "GambitGuide"]
[Site "Internet Chess Club"]
[Date "2014.10.31"]
[Round "1"]
[White "JSBach"]
[Black "losscause"]
[Result "1-0"]
[ICCResult "Black resigns"]
[WhiteElo "1565"]
[BlackElo "1290"]
[Opening "Vienna: `Frankenstein-Dracula' variation"]
[ECO "C27"]
[NIC "VG.02"]
[Time "23:53:15"]
[TimeControl "120+12"]

1. e4 e5 2. Nc3 Nf6 3. Bc4 Nxe4 4. Qh5 Nd6 5. Bb3 Nc6 6. Nb5 g6 7. Qf3 f5 8.
Qd5 Qe7 9. Nxc7+ Kd8 10. Nxa8 b6 11. d3 Bb7 12. Nxb6 axb6 13. Qf3 Nd4 14.
Qh3 Bg7 15. Be3 f4 16. Bxd4 exd4+ 17. Kf1 Nf5 18. Ne2 g5 19. Qxf5
{Black resigns}
1-0

[Event "GambitGuide"]
[Site "Internet Chess Club"]
[Date "2014.10.31"]
[Round "1"]
[White "JSBach"]
[Black "fearlessone"]
[Result "0-1"]
[ICCResult "White checkmated"]
[WhiteElo "1565"]
[BlackElo "1812"]
[Opening "Vienna: `Frankenstein-Dracula' variation"]
[ECO "C27"]
[NIC "VG.02"]
[Time "23:53:36"]
[TimeControl "120+12"]

1. e4 e5 2. Nc3 Nf6 3. Bc4 Nxe4 4. Qh5 Nd6 5. Bb3 Nc6 6. Nb5 g6 7. Qf3 f5 8.
Qd5 Qe7 9. Nxc7+ Kd8 10. Nxa8 b6 11. d3 Bb7 12. Nxb6 axb6 13. Qf3 Bg7 14.
Be3 Nd4 15. Qh3 Nxb3 16. Bxb6+ Kc8 17. axb3 g5 18. b4 h5 19. Ra7 f4 20. Nf3
g4 21. Qh4 Bf6 22. Bd8 Qxd8 23. Qxf6 Qxf6 24. Nd2 Kb8 25. Ra5 Bxg2 26. Rg1
f3 27. Ne4 Nxe4 28. dxe4 Qc6 29. Rxe5 Qxc2 30. Rb5+ Ka7 31. Ra5+ Kb6 32.
Ra6+ Kxa6 33. b5+ Kxb5 34. e5 Qe2# {White checkmated} 0-1

[Event "GambitGuide"]
[Site "Internet Chess Club"]
[Date "2014.10.31"]
[Round "1"]
[White "JSBach"]
[Black "Svinotigr"]
[Result "0-1"]
[ICCResult "White checkmated"]
[WhiteElo "1565"]
[BlackElo "1757"]
[Opening "Vienna: `Frankenstein-Dracula' variation"]
[ECO "C27"]
[NIC "VG.02"]
[Time "23:48:36"]
[TimeControl "120+12"]

1. e4 e5 2. Nc3 Nf6 3. Bc4 Nxe4 4. Qh5 Nd6 5. Bb3 Nc6 6. Nb5 g6 7. Qf3 f5 8.
Qd5 Qe7 9. Nxc7+ Kd8 10. Nxa8 b6 11. d3 Bb7 12. Nxb6 axb6 13. Qf3 Nd4 14.
Qg3 Bg7 15. Bg5 Bf6 16. Bxf6 Qxf6 17. Ba4 g5 18. c3 f4 19. Qg4 Ne6 20. Nf3
h5 21. Qh3 e4 22. dxe4 Bxe4 23. Nd2 g4 24. Nxe4 Nxe4 25. Qd3 N6c5 26. Qb5
Nxc3 27. bxc3 Qxc3+ 28. Ke2 Re8+ 29. Kd1 Qxa1+ 30. Kd2 Qd4+ 31. Kc1 Qa1+ 32.
Qb1 Qc3+ 33. Qc2 Qa3+ 34. Kb1 Qxa4 35. Qxa4 Nxa4 36. h3 Re2 37. a3 Rxf2 38.
hxg4 hxg4 39. Rh8+ Kc7 40. Rh2 f3 41. Rh1 fxg2 42. Rc1+ Nc5 43. a4 Rf1 44.
Kb2 Rxc1 45. Kxc1 g1=Q+ 46. Kd2 Qd4+ 47. Ke2 g3 48. Kf3 Qf2+ 49. Kg4 g2 50.
Kh5 g1=Q 51. Kh6 Qfh2# {White checkmated} 0-1

[Event "GambitGuide"]
[Site "Internet Chess Club"]
[Date "2014.10.31"]
[Round "1"]
[White "JSBach"]
[Black "Empyrean"]
[Result "0-1"]
[ICCResult "White checkmated"]
[WhiteElo "1565"]
[BlackElo "1400"]
[Opening "Vienna: `Frankenstein-Dracula' variation"]
[ECO "C27"]
[NIC "VG.02"]
[Time "23:52:09"]
[TimeControl "120+12"]

1. e4 e5 2. Nc3 Nf6 3. Bc4 Nxe4 4. Qh5 Nd6 5. Bb3 Nc6 6. Nb5 g6 7. Qf3 f5 8.
Qd5 Qe7 9. Nxc7+ Kd8 10. Nxa8 b6 11. d3 Bb7 12. Nxb6 axb6 13. Qf3 Nd4 14.
Qg3 f4 15. Qg4 Qf6 16. Ba4 b5 17. Bb3 h5 18. Qh3 N6f5 19. Bd2 g5 20. Ba5+
Ke8 21. Bc7 g4 22. Bd8 Qxd8 23. c3 gxh3 24. Nxh3 Nxb3 25. axb3 Bxg2 26. Rg1
Bxh3 27. b4 Nh4 28. Kd1 Nf3 29. Rg6 Bf5 30. Rg2 Qh4 31. Ra8+ Kf7 32. d4 Nxh2
33. dxe5 Bg4+ 34. Kd2 Nf3+ 35. Ke2 Nxe5+ 36. Kd2 Nc4+ 37. Kc2 Qh1 38. Rxg4
hxg4 39. Ra7 Ne5 40. Kd2 Qd5+ 41. Kc2 Qd3+ 42. Kb3 Qd1+ 43. Ka2 Nc4 44. Ra8
Qc2 45. Rxf8+ Rxf8 46. f3 Ra8# {White checkmated} 0-1

[Event "GambitGuide"]
[Site "Internet Chess Club"]
[Date "2014.10.31"]
[Round "1"]
[White "JSBach"]
[Black "MishaVB"]
[Result "1-0"]
[ICCResult "Black checkmated"]
[WhiteElo "1565"]
[BlackElo "1439"]
[Opening "Vienna: `Frankenstein-Dracula' variation"]
[ECO "C27"]
[NIC "VG.02"]
[Time "23:53:09"]
[TimeControl "120+12"]

1. e4 e5 2. Nc3 Nf6 3. Bc4 Nxe4 4. Qh5 Nd6 5. Bb3 Nc6 6. Nb5 g6 7. Qf3 f5 8.
Qd5 Qe7 9. Nxc7+ Kd8 10. Nxa8 b6 11. d3 Bb7 12. Nxb6 axb6 13. Qf3 Nd4 14.
Qg3 f4 15. Qg4 N6f5 16. c3 Nxb3 17. axb3 Qd6 18. Ra7 Bc8 19. d4 h5 20. Qf3
exd4 21. Bxf4 Qe6+ 22. Qe2 Qxe2+ 23. Kxe2 dxc3 24. bxc3 Be7 25. Be5 Re8 26.
Bc7# {Black checkmated} 1-0

[Event "GambitGuide"]
[Site "Internet Chess Club"]
[Date "2014.10.31"]
[Round "1"]
[White "JSBach"]
[Black "SlippinAway"]
[Result "0-1"]
[ICCResult "White checkmated"]
[WhiteElo "1565"]
[BlackElo "2064"]
[Opening "Vienna: `Frankenstein-Dracula' variation"]
[ECO "C27"]
[NIC "VG.02"]
[Time "23:53:36"]
[TimeControl "120+12"]

1. e4 e5 2. Nc3 Nf6 3. Bc4 Nxe4 4. Qh5 Nd6 5. Bb3 Nc6 6. Nb5 g6 7. Qf3 f5 8.
Qd5 Qe7 9. Nxc7+ Kd8 10. Nxa8 b6 11. d3 f4 12. Ba4 Bb7 13. Nxb6 axb6 14. Qb3
Kc7 15. Nf3 g5 16. Qc3 Bg7 17. Qb3 e4 18. dxe4 Qxe4+ 19. Kf1 Re8 20. h3 h5
21. Kg1 g4 22. Nd2 Qe2 23. Qd5 Nd4 24. Qg5 Be5 25. Nf1 Qe4 26. f3 gxf3 27.
Nd2 Qe3+ 28. Kh2 fxg2 29. Re1 Qxe1 30. Qd8+ Kxd8 31. Nf1 gxf1=N+ 32. Kg1
Ne2# {White checkmated} 0-1

[Event "GambitGuide"]
[Site "Internet Chess Club"]
[Date "2014.10.31"]
[Round "1"]
[White "JSBach"]
[Black "FischerKing"]
[Result "1-0"]
[ICCResult "Black checkmated"]
[WhiteElo "1565"]
[BlackElo "1739"]
[Opening "Vienna: `Frankenstein-Dracula' variation"]
[ECO "C27"]
[NIC "VG.02"]
[Time "23:14:01"]
[TimeControl "120+12"]

1. e4 e5 2. Nc3 Nf6 3. Bc4 Nxe4 4. Qh5 Nd6 5. Bb3 Nc6 6. Nb5 g6 7. Qf3 f5 8.
Qd5 Qe7 9. Nxc7+ Kd8 10. Nxa8 b6 11. d3 Nd4 12. h4 Bg7 13. Bg5 Bf6 14. c3
Nxb3 15. Bxf6 Qxf6 16. Qxb3 Bb7 17. Nxb6 Bxg2 18. Nd5 Qe6 19. Qb8+ Nc8 20.
Qc7+ Ke8 21. Qxc8+ Kf7 22. Qxh8 Qxd5 23. Qxh7+ Kf6 24. Rh2 e4 25. Rxg2 exd3
26. Rxg6+ Ke5 27. Qe7+ Kf4 28. Qe3# {Black checkmated} 1-0

[Event "GambitGuide"]
[Site "Internet Chess Club"]
[Date "2014.10.31"]
[Round "1"]
[White "JSBach"]
[Black "fishhead"]
[Result "1-0"]
[ICCResult "Black resigns"]
[WhiteElo "1565"]
[BlackElo "1597"]
[Opening "Vienna: `Frankenstein-Dracula' variation"]
[ECO "C27"]
[NIC "VG.02"]
[Time "23:54:36"]
[TimeControl "120+12"]

1. e4 e5 2. Nc3 Nf6 3. Bc4 Nxe4 4. Qh5 Nd6 5. Bb3 Nc6 6. Nb5 g6 7. Qf3 f5 8.
Qd5 Qe7 9. Nxc7+ Kd8 10. Nxa8 b6 11. d3 e4 12. dxe4 Nxe4 13. Be3 Bb7 14.
Nxb6 axb6 15. Bxb6+ Kc8 16. Be3 Bg7 17. c3 Ne5 18. Qb5 Bc6 19. Qa6+ Kd8 20.
Bb6+ Ke8 21. Qc8+ {Black resigns} 1-0

[Event "GambitGuide"]
[Site "Internet Chess Club"]
[Date "2014.10.31"]
[Round "1"]
[White "JSBach"]
[Black "Lolcatz"]
[Result "1-0"]
[ICCResult "Black checkmated"]
[WhiteElo "1565"]
[BlackElo "2309"]
[Opening "Vienna: `Frankenstein-Dracula' variation"]
[ECO "C27"]
[NIC "VG.02"]
[Time "23:54:36"]
[TimeControl "120+12"]

1. e4 e5 2. Nc3 Nf6 3. Bc4 Nxe4 4. Qh5 Nd6 5. Bb3 Nc6 6. Nb5 g6 7. Qf3 f5 8.
Qd5 Qe7 9. Nxc7+ Kd8 10. Nxa8 b6 11. d3 Bb7 12. Nxb6 axb6 13. Qf3 Nd4 14.
Qg3 h6 15. Qxg6 Rh7 16. a4 Rg7 17. Qxh6 Rxg2 18. Qe3 Rg6 19. f3 f4 20. Qf2
N6f5 21. Bc4 Rxg1+ 22. Rxg1 Nxf3+ 23. Kf1 Nxg1 24. Qxb6+ Kc8 25. Ba6 Bxa6
26. Qxa6+ Kb8 27. Qb6+ Ka8 28. Qa6+ Kb8 29. Qb6+ Kc8 30. Qa6+ Kc7 31. Qa7+
Kd6 32. Qb6+ Kd5 33. c4# {Black checkmated} 1-0

[Event "GambitGuide"]
[Site "Internet Chess Club"]
[Date "2014.10.31"]
[Round "1"]
[White "JSBach"]
[Black "losscause"]
[Result "1-0"]
[ICCResult "Black resigns"]
[WhiteElo "1565"]
[BlackElo "1290"]
[Opening "Vienna: `Frankenstein-Dracula' variation"]
[ECO "C27"]
[NIC "VG.02"]
[Time "23:54:29"]
[TimeControl "120+12"]

1. e4 e5 2. Nc3 Nf6 3. Bc4 Nxe4 4. Qh5 Nd6 5. Bb3 Nc6 6. Nb5 g6 7. Qf3 f5 8.
Qd5 Qe7 9. Nxc7+ Kd8 10. Nxa8 b6 11. d3 Bb7 12. Nxb6 axb6 13. Qf3 Nd4 14.
Qh3 h6 15. Qg3 g5 16. Ba4 Bg7 17. c3 b5 18. Bd1 f4 19. Qh3 Nc6 20. a4 e4 21.
axb5 exd3+ 22. Kf1 Ne5 23. Ra7 Nec4 24. Qxd3 Rf8 25. Rxb7 Nxb2 26. Bxb2 Nxb7
27. Qd5 d6 28. Bf3 Nc5 29. Qa8+ Kd7 30. Bg4+ Ne6 31. Qd5 Rf6 32. Ba3
{Black resigns}
1-0

[Event "GambitGuide"]
[Site "Internet Chess Club"]
[Date "2014.10.31"]
[Round "1"]
[White "JSBach"]
[Black "MishaVB"]
[Result "1-0"]
[ICCResult "Black checkmated"]
[WhiteElo "1565"]
[BlackElo "1439"]
[Opening "Vienna: `Frankenstein-Dracula' variation"]
[ECO "C27"]
[NIC "VG.02"]
[Time "23:54:54"]
[TimeControl "120+12"]

1. e4 e5 2. Nc3 Nf6 3. Bc4 Nxe4 4. Qh5 Nd6 5. Bb3 Nc6 6. Nb5 g6 7. Qf3 f5 8.
Qd5 Qe7 9. Nxc7+ Kd8 10. Nxa8 b6 11. d3 Bb7 12. Nxb6 axb6 13. Qf3 Nd4 14.
Qg3 f4 15. Qg4 N6f5 16. c3 Ne6 17. Nf3 Nc5 18. Bc4 Bg7 19. O-O Bxf3 20. Qxf3
Nh4 21. Qa8+ Kc7 22. Qa7+ Kc6 23. b4 Nb7 24. Ba6 Nd6 25. b5+ Nxb5 26. Bxb5+
Kxb5 27. Rb1+ Kc6 28. Qxb6+ Kd5 29. c4# {Black checkmated} 1-0

[Event "GambitGuide"]
[Site "Internet Chess Club"]
[Date "2014.10.31"]
[Round "1"]
[White "JSBach"]
[Black "Lokath"]
[Result "1-0"]
[ICCResult "Black checkmated"]
[WhiteElo "1565"]
[BlackElo "1681"]
[Opening "Vienna: `Frankenstein-Dracula' variation"]
[ECO "C27"]
[NIC "VG.02"]
[Time "23:54:16"]
[TimeControl "120+12"]

1. e4 e5 2. Nc3 Nf6 3. Bc4 Nxe4 4. Qh5 Nd6 5. Bb3 Nc6 6. Nb5 g6 7. Qf3 f5 8.
Qd5 Qe7 9. Nxc7+ Kd8 10. Nxa8 b6 11. d3 Bb7 12. Nxb6 axb6 13. Qf3 Kc7 14. c3
Bg7 15. Bd5 e4 16. dxe4 Nxe4 17. Bf4+ Kc8 18. Qe3 Re8 19. Nf3 Qd8 20. Bf7
Re7 21. Bg8 Nc5 22. Bc4 Rxe3+ 23. fxe3 Qe7 24. O-O-O Bf6 25. Rhe1 Ne6 26.
Bd6 Qf7 27. e4 fxe4 28. Rxe4 Na5 29. Bd5 Bxd5 30. Rxd5 Nc6 31. c4 Ng5 32.
Nxg5 Bxg5+ 33. Rxg5 h6 34. Rg3 g5 35. Rf3 Qh5 36. Kd2 Kb7 37. Rfe3 g4 38. b4
Qg5 39. a3 h5 40. Ke2 h4 41. a4 Qf6 42. c5 bxc5 43. bxc5 Nd4+ 44. Kd3 Nf5
45. Rf4 Qg6 46. Rb4+ Kc6 47. Rb6+ Kd5 48. Re5# {Black checkmated} 1-0

[Event "GambitGuide"]
[Site "Internet Chess Club"]
[Date "2014.10.31"]
[Round "1"]
[White "JSBach"]
[Black "fearlessone"]
[Result "0-1"]
[ICCResult "White checkmated"]
[WhiteElo "1565"]
[BlackElo "1812"]
[Opening "Vienna: `Frankenstein-Dracula' variation"]
[ECO "C27"]
[NIC "VG.02"]
[Time "23:54:29"]
[TimeControl "120+12"]

1. e4 e5 2. Nc3 Nf6 3. Bc4 Nxe4 4. Qh5 Nd6 5. Bb3 Nc6 6. Nb5 g6 7. Qf3 f5 8.
Qd5 Qe7 9. Nxc7+ Kd8 10. Nxa8 b6 11. d3 Bb7 12. Nxb6 axb6 13. Qf3 Bg7 14.
Be3 Nd4 15. Qh3 Nxb3 16. Bxb6+ Kc8 17. axb3 g5 18. b4 h5 19. Ra7 f4 20. f3
Nb5 21. Bc5 Qf6 22. Rxb7 Kxb7 23. Qxd7+ Nc7 24. Bd6 Rc8 25. Ne2 Bf8 26. Bxf8
Qxf8 27. Qa4 Ra8 28. Qa5 Rxa5 29. bxa5 Qb4+ 30. c3 Qxb2 31. Kf2 Nd5 32. c4
Nc3 33. Re1 Qd2 34. Kf1 Qxd3 35. h4 g4 36. fxg4 hxg4 37. c5 g3 38. h5 Qe3
39. Nxg3 Qxg3 40. Rxe5 Qd3+ 41. Ke1 Ne4 42. Re7+ Kc6 43. Re6+ Kxc5 44. Re5+
Kd4 45. Rxe4+ Kxe4 46. a6 Qxa6 47. Kf2 Qh6 48. Ke1 Qxh5 49. Kf2 Qg5 50. Kf1
Ke3 51. g3 Qb5+ 52. Kg2 f3+ 53. Kg1 f2+ 54. Kh2 Ke2 55. g4 Qb8+ 56. Kh3
f1=Q+ 57. Kh4 Qh8+ 58. Kg3 Qf3# {White checkmated} 0-1

[Event "GambitGuide"]
[Site "Internet Chess Club"]
[Date "2014.10.31"]
[Round "1"]
[White "JSBach"]
[Black "fishhead"]
[Result "1-0"]
[ICCResult "Black resigns"]
[WhiteElo "1565"]
[BlackElo "1597"]
[Opening "Vienna: `Frankenstein-Dracula' variation"]
[ECO "C27"]
[NIC "VG.02"]
[Time "23:55:22"]
[TimeControl "120+12"]

1. e4 e5 2. Nc3 Nf6 3. Bc4 Nxe4 4. Qh5 Nd6 5. Bb3 Nc6 6. Nb5 g6 7. Qf3 f5 8.
Qd5 Qe7 9. Nxc7+ Kd8 10. Nxa8 b6 11. d3 Bb7 12. Nxb6 axb6 13. Qf3 e4 14. Qe3
Bg7 15. Qxb6+ Kc8 16. Ne2 Re8 17. d4 g5 18. Bd5 f4 19. O-O Nf5 20. c3 e3 21.
fxe3 Nxe3 22. Bxc6 Bxc6 23. Bxe3 Qxe3+ 24. Rf2 Qd2 25. Nxf4 Re1+ 26. Rxe1
Qxe1+ 27. Rf1 Qe3+ 28. Kh1 gxf4 29. Qa6+ Kd8 30. Qa5+ Ke8 31. Qg5 Bf8 32.
Qxf4 Qxf4 33. Rxf4 Bd5 34. a4 Bd6 35. Rf2 Kd8 36. b4 Kc7 37. a5 Kc6 38. a6
Kb5 39. a7 Kc4 40. Rf7 {Black resigns} 1-0

[Event "GambitGuide"]
[Site "Internet Chess Club"]
[Date "2014.10.31"]
[Round "1"]
[White "JSBach"]
[Black "Svinotigr"]
[Result "1-0"]
[ICCResult "Black resigns"]
[WhiteElo "1564"]
[BlackElo "1757"]
[Opening "Vienna: `Frankenstein-Dracula' variation"]
[ECO "C27"]
[NIC "VG.02"]
[Time "23:54:38"]
[TimeControl "120+12"]

1. e4 e5 2. Nc3 Nf6 3. Bc4 Nxe4 4. Qh5 Nd6 5. Bb3 Nc6 6. Nb5 g6 7. Qf3 f5 8.
Qd5 Qe7 9. Nxc7+ Kd8 10. Nxa8 b6 11. d3 Bb7 12. Nxb6 axb6 13. Qf3 Nd4 14.
Qg3 Bg7 15. Bg5 Bf6 16. Bxf6 Qxf6 17. Ba4 g5 18. c3 f4 19. Qg4 Ne6 20. Nf3
e4 21. dxe4 Nxe4 22. Rd1 N4c5 23. Bb5 h5 24. Qh3 g4 25. Qh4 Qxh4 26. Nxh4
{Black resigns}
1-0

[Event "GambitGuide"]
[Site "Internet Chess Club"]
[Date "2014.10.31"]
[Round "1"]
[White "JSBach"]
[Black "Lokath"]
[Result "1-0"]
[ICCResult "Black checkmated"]
[WhiteElo "1564"]
[BlackElo "1681"]
[Opening "Vienna: `Frankenstein-Dracula' variation"]
[ECO "C27"]
[NIC "VG.02"]
[Time "23:56:36"]
[TimeControl "120+12"]

1. e4 e5 2. Nc3 Nf6 3. Bc4 Nxe4 4. Qh5 Nd6 5. Bb3 Nc6 6. Nb5 g6 7. Qf3 f5 8.
Qd5 Qe7 9. Nxc7+ Kd8 10. Nxa8 b6 11. d3 Bb7 12. Nxb6 axb6 13. Qf3 Bg7 14.
Be3 Kc7 15. Bd5 Re8 16. c3 e4 17. dxe4 Nxe4 18. Rd1 Ng5 19. Qf4+ Kc8 20. Kf1
Ne6 21. Qa4 Nc5 22. Qa3 Na6 23. Qb3 Nab8 24. Qxb6 Qd8 25. Nf3 Qxb6 26. Bxb6
Ba6+ 27. Kg1 Be2 28. Re1 Re7 29. Ng5 Bb5 30. Rd1 h6 31. Nf7 Be2 32. Nd6#
{Black checkmated}
1-0

[Event "GambitGuide"]
[Site "Internet Chess Club"]
[Date "2014.10.31"]
[Round "1"]
[White "JSBach"]
[Black "MishaVB"]
[Result "1-0"]
[ICCResult "Black resigns"]
[WhiteElo "1564"]
[BlackElo "1439"]
[Opening "Vienna: `Frankenstein-Dracula' variation"]
[ECO "C27"]
[NIC "VG.02"]
[Time "23:56:36"]
[TimeControl "120+12"]

1. e4 e5 2. Nc3 Nf6 3. Bc4 Nxe4 4. Qh5 Nd6 5. Bb3 Nc6 6. Nb5 g6 7. Qf3 f5 8.
Qd5 Qe7 9. Nxc7+ Kd8 10. Nxa8 b6 11. d3 Bb7 12. Nxb6 axb6 13. Qf3 Nd4 14.
Qg3 f4 15. Qg4 N4f5 16. Nf3 Rg8 17. Bxg8 {Black resigns} 1-0

[Event "GambitGuide"]
[Site "Internet Chess Club"]
[Date "2014.10.31"]
[Round "1"]
[White "JSBach"]
[Black "Lolcatz"]
[Result "1-0"]
[ICCResult "Black resigns"]
[WhiteElo "1564"]
[BlackElo "2309"]
[Opening "Vienna: `Frankenstein-Dracula' variation"]
[ECO "C27"]
[NIC "VG.02"]
[Time "23:55:48"]
[TimeControl "120+12"]

1. e4 e5 2. Nc3 Nf6 3. Bc4 Nxe4 4. Qh5 Nd6 5. Bb3 Nc6 6. Nb5 g6 7. Qf3 f5 8.
Qd5 Qe7 9. Nxc7+ Kd8 10. Nxa8 b6 11. d3 Bb7 12. Nxb6 axb6 13. Qf3 Nd4 14.
Qg3 f4 15. Qg4 Bg7 16. Ba4 b5 17. Bb3 N6f5 18. Bd2 d5 19. Ba5+ Kc8 20. Nf3
Kb8 21. Bb6 Nxf3+ 22. Qxf3 Qd6 23. Ba5 g5 24. Qg4 Nd4 25. Qxg5 Bf6 26. Qh6
Rg8 27. Qxh7 Rxg2 28. Qh5 e4 29. Qe8+ Ka7 30. dxe4 dxe4 31. Rd1 e3 32. Rd3
Nf3+ 33. Kd1 Qc5 34. fxe3 fxe3 35. Qxe3 Bd4 36. Qf4 Rg6 37. Rf1 Rf6 38. Qg3
Be4 39. Rdxf3 Bxf3+ 40. Rxf3 Rd6 41. Rf7+ {Black resigns} 1-0

[Event "GambitGuide"]
[Site "Internet Chess Club"]
[Date "2014.10.31"]
[Round "1"]
[White "JSBach"]
[Black "fishhead"]
[Result "1-0"]
[ICCResult "Black resigns"]
[WhiteElo "1564"]
[BlackElo "1597"]
[Opening "Vienna: `Frankenstein-Dracula' variation"]
[ECO "C27"]
[NIC "VG.02"]
[Time "23:58:08"]
[TimeControl "120+12"]

1. e4 e5 2. Nc3 Nf6 3. Bc4 Nxe4 4. Qh5 Nd6 5. Bb3 Nc6 6. Nb5 g6 7. Qf3 f5 8.
Qd5 Qe7 9. Nxc7+ Kd8 10. Nxa8 b6 11. d3 e4 12. dxe4 Nxe4 13. Be3 Nc5 14.
O-O-O Nxb3+ 15. Qxb3 Bb7 16. Bxb6+ Kc8 17. Qc3 Bxa8 18. Qxh8 {Black resigns}
1-0

[Event "GambitGuide"]
[Site "Internet Chess Club"]
[Date "2014.10.31"]
[Round "1"]
[White "JSBach"]
[Black "SlippinAway"]
[Result "0-1"]
[ICCResult "White checkmated"]
[WhiteElo "1564"]
[BlackElo "2064"]
[Opening "Vienna: `Frankenstein-Dracula' variation"]
[ECO "C27"]
[NIC "VG.02"]
[Time "23:56:49"]
[TimeControl "120+12"]

1. e4 e5 2. Nc3 Nf6 3. Bc4 Nxe4 4. Qh5 Nd6 5. Bb3 Nc6 6. Nb5 g6 7. Qf3 f5 8.
Qd5 Qe7 9. Nxc7+ Kd8 10. Nxa8 b6 11. d3 f4 12. Ba4 Bb7 13. Nxb6 axb6 14. Qb3
Kc7 15. Nf3 g5 16. Qc3 Bg7 17. Bxc6 Bxc6 18. Ng1 e4 19. d4 Nb5 20. Qc4 Nxd4
21. Bd2 b5 22. Ba5+ Kb7 23. Bd8 Rxd8 24. Qf1 Nxc2+ 25. Ke2 f3+ 26. gxf3
exf3+ 27. Kd2 Nxa1 28. Qxa1 Qd6+ 29. Kc1 Qf4+ 30. Kd1 Qd4+ 31. Kc1 Rc8 32.
Ne2 fxe2 33. Kc2 Be4+ 34. Kb3 Qc4+ 35. Ka3 Ra8# {White checkmated} 0-1

[Event "GambitGuide"]
[Site "Internet Chess Club"]
[Date "2014.10.31"]
[Round "1"]
[White "JSBach"]
[Black "Lokath"]
[Result "1-0"]
[ICCResult "Black checkmated"]
[WhiteElo "1564"]
[BlackElo "1681"]
[Opening "Vienna: `Frankenstein-Dracula' variation"]
[ECO "C27"]
[NIC "VG.02"]
[Time "23:58:24"]
[TimeControl "120+12"]

1. e4 e5 2. Nc3 Nf6 3. Bc4 Nxe4 4. Qh5 Nd6 5. Bb3 Nc6 6. Nb5 g6 7. Qf3 f5 8.
Qd5 Qe7 9. Nxc7+ Kd8 10. Nxa8 b6 11. d3 e4 12. dxe4 Nxe4 13. Be3 Nc5 14.
O-O-O Nxb3+ 15. Qxb3 Bg7 16. Re1 Qf6 17. Bxb6+ axb6 18. Qxb6# {Black
checkmated} 1-0

[Event "GambitGuide"]
[Site "Internet Chess Club"]
[Date "2014.10.31"]
[Round "1"]
[White "JSBach"]
[Black "fearlessone"]
[Result "0-1"]
[ICCResult "White checkmated"]
[WhiteElo "1564"]
[BlackElo "1812"]
[Opening "Vienna: `Frankenstein-Dracula' variation"]
[ECO "C27"]
[NIC "VG.02"]
[Time "23:57:51"]
[TimeControl "120+12"]

1. e4 e5 2. Nc3 Nf6 3. Bc4 Nxe4 4. Qh5 Nd6 5. Bb3 Nc6 6. Nb5 g6 7. Qf3 f5 8.
Qd5 Qe7 9. Nxc7+ Kd8 10. Nxa8 b6 11. d3 Bb7 12. Nxb6 axb6 13. Qf3 Bg7 14.
Be3 Nd4 15. Qh3 Nxb3 16. Bxb6+ Kc8 17. axb3 g5 18. b4 h5 19. Ra7 f4 20. Nf3
g4 21. Qh4 Bf6 22. Bd8 Qxd8 23. Qxf6 Qxf6 24. Nd2 Kb8 25. Ra5 Bxg2 26. Rg1
f3 27. Ra6 Kb7 28. Ne4 Nxe4 29. Rxf6 Nxf6 30. Kd2 e4 31. Re1 exd3 32. Kxd3
Re8 33. Rxe8 Nxe8 34. Kd4 Nf6 35. Ke5 h4 36. Kxf6 g3 37. hxg3 hxg3 38. fxg3
f2 39. Kg7 f1=Q 40. g4 Qf4 41. b5 Qxg4+ 42. Kh6 Qe6+ 43. Kg5 Qd5+ 44. Kf6
Qxb5 45. b3 Qc6+ 46. Kg5 Qxc2 47. Kf4 Qxb3 48. Ke5 Qe6+ 49. Kd4 Bc6 50. Kd3
Kc7 51. Kd2 Qd5+ 52. Kc3 Kd6 53. Kb4 Qc5+ 54. Kb3 Qb5+ 55. Kc3 Kc5 56. Kd2
Qb4+ 57. Ke3 Qc4 58. Kd2 Kb4 59. Ke3 Bb7 60. Kd2 d5 61. Kd1 Qa2 62. Ke1 Kc3
63. Kf1 Kd3 64. Kg1 Ke3 65. Kh1 d4+ 66. Kg1 Qg2# {White checkmated} 0-1

[Event "GambitGuide"]
[Site "Internet Chess Club"]
[Date "2014.10.31"]
[Round "1"]
[White "JSBach"]
[Black "applepi"]
[Result "1-0"]
[ICCResult "Black resigns"]
[WhiteElo "1564"]
[BlackElo "1619"]
[Opening "Vienna: `Frankenstein-Dracula' variation"]
[ECO "C27"]
[NIC "VG.02"]
[Time "23:54:18"]
[TimeControl "120+12"]

1. e4 e5 2. Nc3 Nf6 3. Bc4 Nxe4 4. Qh5 Nd6 5. Bb3 Nc6 6. Nb5 g6 7. Qf3 f5 8.
Qd5 Qe7 9. Nxc7+ Kd8 10. Nxa8 b6 11. d3 Bb7 12. Nxb6 axb6 13. Qf3 Nd4 14.
Qg3 f4 15. Qg4 g5 16. Ba4 h5 17. Qd1 Bxg2 18. c3 Ne6 19. Qe2 Bxh1 20. Qxe5
Bg7 21. Qe2 Bb7 22. Kd1 Nc5 23. Bc2 Qxe2+ 24. Nxe2 Bf3 25. d4 Nce4 26. Ke1
Re8 27. Bd3 Bg4 28. a3 Nf6 29. Kf1 Nd5 30. c4 Bxe2+ 31. Bxe2 Nc7 32. c5 Nc8
33. Bxh5 Rh8 34. cxb6 Nxb6 35. Bf3 Bxd4 36. Kg1 Ncd5 37. a4 Nb4 38. a5 Nc4
39. Ra4 Bc5 40. b3 Ne5 41. Be2 Nbd3 42. Bxd3 Nxd3 43. Rc4 Ba7 44. Kg2 Nxf2
45. Bb2 Re8 46. Bf6+ Re7 47. Bxg5 Ke8 48. Bxe7 Kxe7 49. Rxf4 {Black resigns}
1-0

[Event "GambitGuide"]
[Site "Internet Chess Club"]
[Date "2014.10.31"]
[Round "1"]
[White "JSBach"]
[Black "fishhead"]
[Result "1-0"]
[ICCResult "Black resigns"]
[WhiteElo "1564"]
[BlackElo "1597"]
[Opening "Vienna: `Frankenstein-Dracula' variation"]
[ECO "C27"]
[NIC "VG.02"]
[Time "23:58:53"]
[TimeControl "120+12"]

1. e4 e5 2. Nc3 Nf6 3. Bc4 Nxe4 4. Qh5 Nd6 5. Bb3 Nc6 6. Nb5 g6 7. Qf3 f5 8.
Qd5 Qe7 9. Nxc7+ Kd8 10. Nxa8 b6 11. d3 Bb7 12. Nxb6 axb6 13. Qf3 Nd4 14.
Qg3 f4 15. Qg4 N6f5 16. c3 Ne6 17. Nf3 Bg7 18. O-O h5 19. Qxg6 {Black
resigns} 1-0

[Event "GambitGuide"]
[Site "Internet Chess Club"]
[Date "2014.10.31"]
[Round "1"]
[White "JSBach"]
[Black "LisaTr"]
[Result "1/2-1/2"]
[ICCResult "Game drawn by repetition"]
[WhiteElo "1564"]
[BlackElo "1739"]
[Opening "Vienna: `Frankenstein-Dracula' variation"]
[ECO "C27"]
[NIC "VG.02"]
[Time "23:57:55"]
[TimeControl "120+12"]

1. e4 e5 2. Nc3 Nf6 3. Bc4 Nxe4 4. Qh5 Nd6 5. Bb3 Nc6 6. Nb5 g6 7. Qf3 f5 8.
Qd5 Qe7 9. Nxc7+ Kd8 10. Nxa8 b6 11. d3 Nb4 12. Bg5 Qxg5 13. Qxe5 Rg8 14.
Nxb6 axb6 15. Kf1 Qd2 16. Bxg8 Nxc2 17. Rb1 Bb7 18. Ne2 Nb4 19. Rc1 Nxd3 20.
Qd4 Bxg2+ 21. Kxg2 Qxe2 22. Qxb6+ Ke7 23. Rb1 Nf4+ 24. Kg1 Ne4 25. Qb4+ Kd8
26. Qb8+ Ke7 27. Qxf4 Bh6 28. Qe5+ Kf8 29. Qb8+ Kg7 30. Qe5+ Kf8 31. Qb8+
Kg7 32. Qe5+ Kf8 33. Qb8+ Kg7 34. Qe5+ {Game drawn by repetition} 1/2-1/2